 Dungeon Crawl Stone Soup version 0.29-a0-872-g797fff5ad1 (webtiles) character file.

Game seed: 3399944597749718225

4874 mcwallace the Trooper (level 10, -9/55 HPs)
             Began as a Vine Stalker Fighter on July 19, 2022.
             Was a Priest of Vehumet.
             Mangled by a death yak (12 damage)
             ... on level 8 of the Dungeon.
             The game lasted 00:26:43 (8293 turns).

mcwallace the Trooper (Vine Stalker Fighter)        Turns: 8293, Time: 00:26:44

Health: -9/55      AC: 19    Str: 20    XL:     10   Next: 50%
Magic:  0/29       EV: 13    Int: 19    God:    Vehumet [***...]
Gold:   126        SH:  6    Dex: 19    Spells: 21/21 levels left

rFire   . . .      SeeInvis .   I - +8 long sword of Popular Demand {venom, Int+4, long}
rCold   + . .      Faith    .   c - +0 buckler
rNeg    + + +      Spirit   +   G - +4 ring mail of the Camelopard {-Tele rN+++ Int+3}
rPois   .          Reflect  .   b - +0 helmet "Runeguw" {rElec rC+}
rElec   +          Harm     .   u - +0 cloak
rCorr   .          Rampage  .   s - +2 pair of gloves
Will    +....      NoTele   +   J - +2 pair of boots
Stlth   +.........              (no amulet)
HPRegen 0.98/turn               d - +6 ring of dexterity
MPRegen 0.21/turn               K - ring of magical power

@: studying Fighting
A: fangs 3, regeneration 1, magic shield, antimagic bite, no potion heal 2
a: Renounce Religion


You were on level 8 of the Dungeon.
You worshipped Vehumet.
Vehumet was most pleased with you.
You visited 2 branches of the dungeon, and saw 9 of its levels.
You also visited: Bailey.

You collected 841 gold pieces.
You spent 715 gold pieces at shops.


Innate Abilities, Weirdness & Mutations

You have razor-sharp teeth.
Your natural rate of healing is unusually fast.
When hurt, damage is shared between your health and your magic reserves.
Your bite disrupts and absorbs the magic of your enemies.
Potions cannot restore your health.


   Skills:
 + Level 7.3 Fighting
 + Level 6.0 Short Blades
 + Level 5.1 Armour
 + Level 5.2 Dodging
 - Level 5.0 Shields
 + Level 6.3 Spellcasting
 + Level 3.6 Conjurations


You had 21 spell levels left.
You didn't know any spells.
Your spell library contained the following spells:

 Spells                   Type           Power      Damage    Failure   Level
 Stone Arrow              Conj/Erth      24%        3d8       9%          3
 Ensorcelled Hibernation  Hex/Ice        12%        N/A       34%         2
 Spider Form              Tmut/Pois      6%         N/A       56%         3
 Anguish                  Hex/Necr       3%         N/A       92%         4
 Conjure Ball Lightning   Conj/Air       6%         3x3d6     97%         6
 Discord                  Hex            3%         N/A       100%        8
 Disjunction              Tloc           3%         N/A       100%        8
 Chain Lightning          Conj/Air       6%         3d8       100%        9
 Fire Storm               Conj/Fire      6%         8d2       100%        9
 Shatter                  Erth           3%         3d7*      100%        9

Inventory:

Hand Weapons
 a - a +0 rapier {short}
 n - a +2 dagger of speed {short}
   (You took it off a goblin on level 1 of the Dungeon)
 F - a +0 vampiric dagger {short}
   (You took it off a kobold on level 4 of the Dungeon)
 I - the +8 long sword of Popular Demand (weapon) {venom, Int+4, long}
   (You bought it in a shop on level 8 of the Dungeon)

   It poisons the flesh of those it strikes.
   Int:       It affects your intelligence (+4).
Missiles
 h - 8 atropa-tipped darts {throwing}
 m - 34 stones {throwing}
 q - 46 poisoned darts (quivered) {throwing}
 z - 16 boomerangs {throwing}
 A - 2 curare-tipped darts {=fthrowing}
Armour
 b - the +0 helmet "Runeguw" (worn) {rElec rC+}
   (You found it on level 7 of the Dungeon)

   rC:        It protects you from cold.
   rElec:     It insulates you from electricity.
 c - a +0 buckler (worn)
 s - a +2 pair of gloves (worn)
   (You found it on level 2 of the Dungeon)
 u - a +0 cloak (worn)
   (You found it on level 3 of the Dungeon)
 x - +1 storm dragon scales {rare}
   (You took it off a kobold in a bailey)
 B - the +2 leather armour of Day {rN+ Dex+7 Stlth-}
   (You found it on level 3 of the Dungeon)

   Dex:       It affects your dexterity (+7).
   rN:        It protects you from negative energy.
   Stlth:     It makes you less stealthy.
 G - the +4 ring mail of the Camelopard (worn) {-Tele rN+++ Int+3}
   (You found it on level 7 of the Dungeon)

   Int:       It affects your intelligence (+3).
   rN:        It renders you almost immune to negative energy.
   -Tele:     It prevents most forms of teleportation.
 J - a +2 pair of boots (worn)
   (You found it on level 4 of the Dungeon)
 O - a +0 leather armour
   (You took it off an orc on level 7 of the Dungeon)
 R - a +0 scale mail
   (You took it off an orc on level 5 of the Dungeon)
 S - a +0 ring mail
   (You took it off an orc on level 5 of the Dungeon)
 V - a +0 leather armour
   (You took it off an orc on level 5 of the Dungeon)
 W - a +0 leather armour
   (You took it off an orc on level 5 of the Dungeon)
 Z - a +0 robe
   (You took it off an orc wizard on level 8 of the Dungeon)
Magical Staves
 r - a staff of cold {!astaff}
   (You found it on level 2 of the Dungeon)
Jewellery
 d - a +6 ring of dexterity (left hand)
   (You found it on level 5 of the Dungeon)
 e - a +6 ring of strength
   (You found it on level 1 of the Dungeon)
 K - a ring of magical power (right hand)
   (You found it on level 4 of the Dungeon)
Wands
 D - a wand of mindburst (10)
   (You found it on level 3 of the Dungeon)
 H - a wand of digging (4)
   (You found it on level 4 of the Dungeon)
 Y - a wand of iceblast (18)
   (You found it on level 8 of the Dungeon)
Scrolls
 g - 7 scrolls of teleportation {@r4}
 i - 3 scrolls of enchant weapon
 l - 2 scrolls of blinking {!r}
 o - a scroll of fear
 p - 2 scrolls of fog
 w - 3 scrolls of poison {!r}
 y - a scroll of torment {unknown}
 C - a scroll of immolation {unknown}
 X - 2 scrolls of amnesia
Potions
 f - 2 potions of lignification {unknown}
 j - 3 potions of degeneration {!q@e2}
 k - 2 potions of ambrosia {unknown}
 t - a potion of brilliance {unknown}
 v - 3 potions of curing {@q1}
 E - a potion of mutation {unknown}
 L - 4 potions of attraction {unknown}
 N - 2 potions of flight {unknown}
 U - a potion of resistance

Dungeon Overview and Level Annotations

Branches:
Dungeon (8/15) Zot: 24493  Temple (1/1) D:4 Zot: 5925    Lair (0/5) D:8
 Bailey (visited)

Altars:
Dithmenos
Elyvilon
Fedhas
Hepliaklqana
Makhleb
Qazlal
Sif Muna
Trog
Uskayaw
Vehumet
Wu Jian
Xom
The Shining One

Shops:
D:4 [   D:8 (

Annotations:
D:4 2 transporters
D:8 Maggie

#.# #.. #.# #)# #.# ##### #[#
#.# ##...## #[# #.# ##.....###)#
#.# #.......##[# #.#
##...โˆฉ...##.#
#.#################[.......##.#
#.............@YYYY.#..).รท#....
######################...##.#.#
##.....#.. #########


You could see 2 death yaks and 2 yaks.


Message History

You hit the death yak but do no damage.
You bite the death yak, but do no damage.
The death yak gores you!
* * * LOW HITPOINT WARNING * * *
๐Ÿ˜จ HP[-3] MP[-4]
You take 3 damage, and now have 17/55 hp.
You lost 4 mp, and now have 11/29 mp.
You hit the death yak.
You block the death yak's attack. ๐Ÿ˜จ HP[+1]
You hit the death yak but do no damage. The death yak gores you.
* * * LOW HITPOINT WARNING * * *
๐Ÿ˜จ HP[+1] ๐Ÿ˜จ HP[+1] MP[+1]
The death yak attacks as you move away! The death yak gores you!
* * * LOW HITPOINT WARNING * * *
๐Ÿ˜จ HP[-5] MP[-4]
You take 5 damage, and now have 15/55 hp.
You lost 4 mp, and now have 8/29 mp. ๐Ÿ˜จ HP[+1] ๐Ÿ˜จ HP[+1] ๐Ÿ˜จ HP[+1]
The death yak attacks as you move away!
The death yak barely misses you. ๐Ÿ˜จ HP[+1] MP[+1]
The death yak attacks as you move away!
The death yak gores you but does no damage. ๐Ÿ˜จ HP[+1] ๐Ÿ˜จ HP[+1] ๐Ÿ˜จ HP[+1]
The death yak attacks as you move away!
The death yak barely misses you. ๐Ÿ˜จ HP[+1] ๐Ÿ˜จ HP[+1] MP[+1]
The death yak attacks as you move away! The death yak gores you!
* * * LOW HITPOINT WARNING * * *
๐Ÿ˜จ HP[-4] MP[-2]
You take 4 damage, and now have 20/55 hp.
You lost 2 mp, and now have 8/29 mp. ๐Ÿ˜จ HP[+1] ๐Ÿ˜จ HP[+1] ๐Ÿ˜จ HP[+1]
The death yak attacks as you move away! The death yak gores you!
* * * LOW HITPOINT WARNING * * *
๐Ÿ˜ฑ HP[-10] MP[-3]
You take 10 damage, and now have 13/55 hp.
You lost 3 mp, and now have 5/29 mp.
The death yak attacks as you move away! The death yak gores you.
* * * LOW HITPOINT WARNING * * *
The death yak attacks as you move away! You block the death yak's attack.
There is an entrance to Zetzueto's Weapon Boutique here. ๐Ÿ˜จ HP[+1]
I - the +8 long sword of Popular Demand {venom, Int+4, long} Thank you for shopping at Zetzueto's Weapon Boutique!
The death yak gores you.
* * * LOW HITPOINT WARNING * * *
๐Ÿ˜ฑ HP[-1] MP[-1]
You take 1 damage, and now have 13/55 hp.
You lost 1 mp, and now have 4/29 mp. ๐Ÿ˜จ HP[+1] MP[+1]
The death yak attacks as you move away!
The death yak gores you but does no damage. ๐Ÿ˜จ HP[+1] ๐Ÿ˜จ HP[+1]
The death yak attacks as you move away! The death yak gores you.
* * * LOW HITPOINT WARNING * * *
Items here: )) รทรท. ๐Ÿ˜จ HP[-1] MP[-1]
You take 1 damage, and now have 15/55 hp.
You lost 1 mp, and now have 4/29 mp.
You see here a +0 whip {mace}. ๐Ÿ˜จ HP[+1] ๐Ÿ˜จ HP[+1] MP[+1] ๐Ÿ˜จ HP[+1] ๐Ÿ˜จ HP[+1]
You have no ailments to cure.
You feel clever.
The +8 long sword of Popular Demand {venom, Int+4, long} begins to drip with poison!
I - the +8 long sword of Popular Demand (weapon)
{venom, Int+4, long} The death yak gores you.
* * * LOW HITPOINT WARNING * * *
๐Ÿ˜จ HP[-3] MP[-1]
You take 3 damage, and now have 16/55 hp.
You lost 1 mp, and now have 4/29 mp.
You hit the death yak.
You bite the death yak, but do no damage.
The death yak gores you!!
* * * LOW HITPOINT WARNING * * *
๐Ÿ˜ฑ HP[-14] MP[-4]
You take 14 damage, and now have 2/55 hp.
MASSIVE DAMAGE!! (PAUSE)
You lost 4 mp, and now have 0/29 mp.
Read: 2 scrolls of fear
Press: ? - help, Q - select action, (/) - cycle Dir - look around, f - activate Look: a death yak (chance to affect: 47%)
As you read the scroll of fear, it crumbles to dust.
You assume a fearsome visage.
The death yak resists with almost no effort.
The yak looks frightened!
The yak looks frightened!
The death yak resists with almost no effort.
The death yak gores you!
You die...

Skill      XL: |  1  2  3  4  5  6  7  8  9 10 |
---------------+-------------------------------+-----
Short Blades   | 2 3 4 5 6 |  6.0
Fighting       | 3 4 5 6 7 |  7.3
Spellcasting   | 1 2 3 4 5 6 |  6.3
Shields        | 3 4 5 |  5.0
Dodging        | 1 2 3 4 5 |  5.2
Armour         | 3 4 5 |  5.1
Conjurations   | 2 3 |  3.6

Action                   |  1- 3 |  4- 6 |  7- 9 | 10-12 || total
-------------------------+-------+-------+-------+-------++-------
Melee: Rapier            |    62 |       |       |     7 ||    69
       Bite              |    25 |    57 |   154 |   123 ||   359
       Dagger            |    43 |   206 |   426 |   226 ||   901
       Long sword        |       |       |       |     1 ||     1
Throw: Dart              |       |       |     3 |       ||     3
Evoke: Wand              |       |       |    10 |       ||    10
  Use: Scroll            |       |       |    10 |     2 ||    12
       Potion            |       |       |     1 |     1 ||     2
Armor: Scale mail        |    53 |    25 |       |       ||    78
       Leather armour    |       |    31 |    42 |     3 ||    76
       Storm dragon scal |       |       |    82 |       ||    82
       Ring mail         |       |       |       |    38 ||    38
Dodge: Dodged            |    34 |    82 |   155 |    48 ||   319
Block: Buckler           |    20 |    44 |    82 |    30 ||   176

Levels and vault maps discovered:
D:1:      lightli_arrival_boilingwater, layout_basic
D:2:      layout_rooms, kennysheep_generic_room_3
D:3:      layout_rooms, fedhas_altar_3, cheibrodos_gnoll_hut
D:4:      gammafunk_cloud_chamber, layout_basic, nicolae_tso_carved_into_rock,
          minmay_temple_entry_offerings, serial_shops, nicolae_take_the_stairs
D:5:      layout_loops_ring, amcnicky_altar_gilded, gammafunk_ghost_stat_death,
          grunt_decor_junction, uniq_eustachio, uniq_grinder
D:6:      layout_basic, makhleb_heckhound_becter, minmay_statues_item,
          grunt_decor_one_mirror, minmay_crystal_water, uniq_pikel
D:7:      layout_loops_corners, enter_bailey_6, uniq_crazy_yiuf_cottage
D:8:      layout_basic, mainiacjoe_overflow_alcove_1, dpeg_lair_monsters,
          serial_shops, nicolae_shop_bloodbath_and_beyond, uniq_maggie
Temple:   cyrus_temple_forest

Notes
Turn   | Place    | Note
-------+----------+-------------------------------------------
     0 | D:1      | mcwallace the Vine Stalker Fighter began the quest for the
                  | Orb.
     0 | D:1      | Reached XP level 1. HP: 11/11 MP: 2/2
     0 | D:1      | magus.rc [v1.9.6]
   166 | D:1      | Reached XP level 2. HP: 14/16 MP: 0/3
   503 | D:1      | You pick up a book of Annihilations and begin reading...
   503 | D:1      | You add the spells Chain Lightning, Fire Storm and Shatter
                  | to your library.
   511 | D:1      | Reached skill level 2 in Short Blades
   705 | D:1      | Reached XP level 3. HP: 19/19 MP: 5/5
   724 | D:1      | Reached skill level 3 in Fighting
   918 | D:1      | Reached skill level 1 in Spellcasting
  1283 | D:2      | Reached skill level 3 in Shields
  1437 | D:2      | Gained mutation: Your natural rate of healing is unusually
                  | fast. [Vine Stalker growth]
  1437 | D:2      | Reached XP level 4. HP: 21/24 MP: 6/6
  1620 | D:2      | Reached skill level 1 in Dodging
  1928 | D:3      | Reached XP level 5. HP: 25/28 MP: 8/8
  1936 | D:3      | Found a blossoming altar of Fedhas.
  1961 | D:3      | Identified the +2 leather armour of Day {rN+ Dex+7 Stlth-}
  2319 | D:3      | Reached skill level 3 in Armour
  2331 | D:4      | Found a staircase to the Ecumenical Temple.
  2340 | Temple   | Entered the Ecumenical Temple
  2345 | Temple   | Reached skill level 2 in Spellcasting
  2380 | Temple   | Became a worshipper of Vehumet
  2431 | D:4      | You pick up a book of Chaos and begin reading...
  2431 | D:4      | You add the spells Conjure Ball Lightning, Disjunction and
                  | Discord to your library.
  2676 | D:4      | Found Affau's Armour Shop.
  2727 | D:4      | Reached XP level 6. HP: 32/32 MP: 10/10
  2737 | D:4      | Found a transporter.
  3224 | D:4      | Found a glowing golden altar of the Shining One.
  3284 | D:4      | Noticed a fire bat
  3285 | D:4      | Found a transporter.
  3286 | D:4      | Noticed a fire bat
  3308 | D:4      | Reached skill level 3 in Short Blades
  3990 | D:5      | Entered Level 5 of the Dungeon
  4059 | D:5      | Reached skill level 2 in Dodging
  4059 | D:5      | Reached XP level 7. HP: 36/37 MP: 11/11
  4141 | D:5      | Noticed Grinder
  4144 | D:5      | Killed Grinder
  4145 | D:5      | Reached skill level 4 in Fighting
  4145 | D:5      | Reached skill level 4 in Shields
  4145 | D:5      | Reached skill level 3 in Spellcasting
  4146 | D:5      | You pick up a book of Dreams and begin reading...
  4146 | D:5      | You add the spells Ensorcelled Hibernation, Spider Form and
                  | Anguish to your library.
  4249 | D:5      | Reached * piety under Vehumet
  4249 | D:5      | Offered knowledge of Freeze by Vehumet.
  4374 | D:5      | You fall into a shaft and drop 3 floors!
  4383 | D:8      | Noticed a steam dragon
  4441 | D:8      | Noticed Maggie
  4645 | D:8      | Gained mutation: You have razor-sharp teeth. [Vine Stalker
                  | growth]
  4645 | D:8      | Reached XP level 8. HP: 42/42 MP: 13/13
  4656 | D:8      | Noticed a yak
  4730 | D:8      | Noticed a death yak
  4793 | D:8      | Noticed a death yak
  4793 | D:8      | Noticed a death yak
  4793 | D:8      | Noticed a yak
  4794 | D:8      | Found a staircase to the Lair.
  4794 | D:8      | Noticed a death yak
  4794 | D:8      | Noticed a death yak
  4794 | D:8      | Noticed a yak
  4879 | D:7      | Reached skill level 4 in Armour
  4970 | D:7      | Reached skill level 4 in Short Blades
  4970 | D:7      | Reached skill level 3 in Dodging
  5035 | D:7      | Found a flagged portal.
  5046 | Bailey   | Entered a bailey
  5103 | Bailey   | Reached ** piety under Vehumet
  5103 | Bailey   | Offered knowledge of Static Discharge by Vehumet.
  5104 | Bailey   | Reached skill level 4 in Spellcasting
  5199 | Bailey   | Reached skill level 5 in Fighting
  5199 | Bailey   | Reached skill level 5 in Shields
  5237 | Bailey   | Reached XP level 9. HP: 47/47 MP: 16/16
  5332 | Bailey   | Could not pick up +1 storm dragon scales {rare}, a scroll
                  | labelled QUFUZI SOUVUZE and a +0 chain mail here;
                  | ([A]lways) ignore them?
  5336 | Bailey   | x - +1 storm dragon scales {rare}
  5347 | Bailey   | You finish putting on your +1 storm dragon scales {rare}.
  5402 | Bailey   | Found an iron altar of Okawaru.
  5818 | D:5      | Found a transporter.
  5818 | D:5      | Noticed dang3rdave's ghost (amateur GrAE)
  5848 | D:5      | Found a transporter.
  5913 | D:5      | Found a bloodstained altar of Trog.
  5914 | D:5      | Noticed Eustachio
  5936 | D:5      | Killed Eustachio
  5937 | D:5      | Reached skill level 5 in Short Blades
  5937 | D:5      | Reached skill level 4 in Dodging
  5937 | D:5      | Reached skill level 5 in Spellcasting
  5937 | D:5      | Reached skill level 1 in Conjurations
  6277 | D:5      | Killed dang3rdave's ghost
  6379 | D:6      | Noticed Pikel
  6407 | D:6      | Killed Pikel
  6408 | D:6      | Reached skill level 6 in Fighting
  6408 | D:6      | Reached skill level 2 in Conjurations
  6715 | D:6      | Found a burning altar of Makhleb.
  6721 | D:6      | Offered knowledge of Stone Arrow by Vehumet.
  6879 | D:7      | Identified the +0 helmet "Runeguw" {rElec rC+}
  6893 | D:7      | You finish taking off your +1 storm dragon scales {rare}.
  6977 | D:7      | Reached XP level 10. HP: 52/53 MP: 19/19
  7115 | D:7      | Identified the +4 ring mail of the Camelopard {-Tele rN+++
                  | Int+3}
  7256 | D:7      | Found a runed translucent door.
  7257 | D:7      | Noticed Crazy Yiuf
  7548 | D:7      | Killed Crazy Yiuf
  7701 | D:8      | Found Zetzueto's Weapon Boutique.
  7740 | D:8      | Reached skill level 3 in Conjurations
  7912 | D:8      | Killed a death yak
  7912 | D:8      | Reached *** piety under Vehumet
  7913 | D:8      | Reached skill level 7 in Fighting
  7913 | D:8      | Reached skill level 5 in Armour
  7913 | D:8      | Reached skill level 5 in Dodging
  7913 | D:8      | Reached skill level 6 in Spellcasting
  7935 | D:8      | HP: 13/55 [death yak (8)]
  8056 | D:7      | Killed a death yak
  8057 | D:7      | Reached skill level 6 in Short Blades
  8279 | D:8      | HP: 12/55 [death yak (11)]
  8282 | D:8      | Bought the +8 long sword of Popular Demand {venom, Int+4}
                  | for 715 gold pieces
  8292 | D:8      | HP: 2/55 [death yak (15)]
  8293 | D:8      | Mangled by a death yak

Vanquished Creatures
  2 death yaks
  Pikel (D:6)
  Grinder (D:5)
  Eustachio (D:5)
  A steam dragon (D:7)
  The ghost of dang3rdave the Gusty, an amateur GrAE of Kikubaaqudgha (D:5)
  5 orc warriors
  2 black bears
  An ogre (D:5)
  A phantom (D:4)
  A lemure (D:6)
  8 kobold brigands
  4 bullfrogs
  A gnoll sergeant (D:8)
  A scorpion (D:5)
  A necrophage (D:7)
  3 quasits (D:5)
  4 hounds
  Crazy Yiuf (D:7)
  2 orc priests
  A jelly (D:6)
  4 iguanas
  8 orc wizards
  4 gnolls
  6 adders
  4 white imps
  4 ufetubi
  4 dart slugs
  30 orcs
  7 ball pythons
  8 bats
  11 endoplasms
  3 giant cockroaches
  14 goblins
  4 hobgoblins
  9 jackals
  17 kobolds
  3 quokkas
  2 frilled lizards
  7 rats
192 creatures vanquished.

Vanquished Creatures (others)
  5 fungi (D:3)
5 creatures vanquished.

Grand Total: 197 creatures vanquished

Table legend:
 A = Non-vault XP
 B = Vault XP
 C = Vault XP percentage of total XP
 D = Non-vault monster count
 E = Vault monster count
 F = Vault count percentage of total count
                 A         B        C        D         E       F
            +---------+---------+-------+---------+---------+-------
      Total |    2743 |    4221 |  60.6 |     157 |      34 |  17.8
            +---------+---------+-------+---------+---------+-------
        D:1 |      51 |       0 |   0.0 |      28 |       0 |   0.0
        D:2 |      60 |       1 |   1.6 |      20 |       1 |   4.8
        D:3 |      82 |      96 |  53.9 |      22 |       3 |  12.0
        D:4 |     240 |       0 |   0.0 |      22 |       0 |   0.0
        D:5 |     298 |     741 |  71.3 |      12 |       6 |  33.3
        D:6 |     529 |     715 |  57.5 |      10 |       2 |  16.7
        D:7 |     826 |     846 |  50.6 |      22 |       2 |   8.3
        D:8 |     649 |     819 |  55.8 |      20 |       1 |   4.8
     Temple |       8 |       0 |   0.0 |       1 |       0 |   0.0
     Bailey |       0 |    1003 | 100.0 |       0 |      19 | 100.0
            +---------+---------+-------+---------+---------+-------

Illustrated notes

Table legend:
 A = Kills in this place as a percentage of kills in entire the game.
 B = Kills by you in this place as a percentage of kills by you in the entire game.
 C = Kills by friends in this place as a percentage of kills by friends in the entire game.
 D = Other kills in this place as a percentage of other kills in the entire game.
 E = Experience gained in this place as a percentage of experience gained in the entire game.
 F = Experience gained in this place divided by the number of levels of this place that you have seen.
                   A       B       C       D       E      F
               +-------+-------+-------+-------+-------+----------------------
         Total | 100.0 | 100.0 |   N/A |   N/A | 100.0 | 696.4
       Dungeon |  89.5 |  89.5 |   N/A |   N/A |  85.5 | 744.1
        Temple |   0.5 |   0.5 |   N/A |   N/A |   0.1 |   8.0
        Bailey |   9.9 |   9.9 |   N/A |   N/A |  14.4 | 1003.0
               +-------+-------+-------+-------+-------+----------------------

Table legend: (Time is in decaauts)
 A = Elapsed time spent in this place.
 B = Non-inter-level travel time spent in this place.
 C = Inter-level travel time spent in this place.
 D = Time resting spent in this place.
 E = Time spent auto-exploring this place.
 F = Levels seen in this place.
 G = Mean time per level.
                   A        B        C        D        E       F      G
               +--------+--------+--------+--------+--------+-----+--------+
         Total |   7937 |   6986 |    951 |     53 |   4888 |  10 |  793.7 |
       Dungeon |   7524 |   6606 |    918 |     34 |   4815 |   8 |  940.5 |
        Temple |     74 |     41 |     33 |      0 |      0 |   1 |   74.0 |
        Bailey |    338 |    338 |      0 |     19 |     73 |   1 |  338.0 |
               +--------+--------+--------+--------+--------+-----+--------+

Top non-repeatable levels by time:
     D:7: 1414 daAuts
     D:4: 1353 daAuts
     D:1: 1244 daAuts
     D:5: 909 daAuts
     D:3: 744 daAuts
     D:8: 740 daAuts
     D:6: 624 daAuts
     D:2: 494 daAuts
  Bailey: 338 daAuts
  Temple: 74 daAuts
